 BcadrenCrawl: Boulder Brew version 0.05.21-81-gd28e3044bd (webtiles) character file.

Game seed: 15234323849881825293, levelgen mode: deterministic

39 theanonym the Consumer (level 3, -2/27 HPs) Oozomorph Fighter. Began on Sept 5, 2021. Slain by a sewer rat (5 damage) ... on level 1 of the Dungeon. The game lasted 00:02:15 (685 turns).

theanonym the Consumer (Oozomorph Fighter)           Turns: 685, Time: 00:02:16

Health: -2/27      AC: 15    Str: 22    XL:     3 ^: 41
Magic:  3/3        EV: -4    Int:  8    God:
Gold:   22         SH:  7    Dex: 12    Spells: 2/2 levels left

rFire    . . .     Vision   .   a - +0 morningstar
rCold    . . .     Gourm    .   c - +0 heater shield
rNeg     . . .     Faith    .   b - +0 scale mail
rCorr    + + +     Spirit   .   f - +0 chain mail
rPois    .         Reflect  .   (no armour)
rElec    .         Harm     .   (no armour)
MR       .....                  (no armour)
Stlth    +.........             (nothing subsumed)
HPRegen  0.19/turn              (no amulet)
MPRegen  0.13/turn              (no ring)
                                (no ring)

@: mighty
A: cytoplasmic subsumption, amorphous body, gelatinous body 1
a: Subsume Item


Innate Abilities, Weirdness & Mutations

You may subsume any weapon, armour, or jewellery into your cytoplasm to benefit from its magical properties.
Your body is completely amorphous, allowing you to wear any combination of armour.
You have seven amorphous slots; replacing the normal gear slots.
Body armours and bardings take two slots, all other armours take one.
Your gelatinous form is immune to acid, constriction and sticky flames. (rCorr+, Slime)


   Skills:
 + Level 3.7 Fighting
 * Level 3.0 Maces & Staves
 + Level 3.0 Armour
 - Level 3.0 Shields


You had 2 spell levels left.
You didn't know any spells.
Your spell library was empty.

Skill      XL: |  1  2  3 |
---------------+----------+-----
Armour         | 3 |  3.0
Maces & Staves | 3 |  3.0
Fighting       | |  3.7
Shields        | |  3.0

Action                   || total
-------------------------++-------
Melee: Morningstar       ||   108
  Use: Potion            ||     1
Armor: Skin              ||   125
Dodge: Dodged            ||     3
Block: Heater shield     ||    58

Inventory:

Weapons
 a - a +0 morningstar (weapon) Shields
 c - a +0 heater shield (shield)
Armour
 b - a +0 scale mail (worn)
 f - a +0 chain mail (worn)
Jewellery
 g - a cursed ring of poison resistance {(Curse: *Tele)}
Scrolls
 t - a scroll of teleportation
Potions
 w - a potion of curing
Comestibles
 d - a chunk of flesh
 e - a ration


You were on level 1 of the Dungeon.
You were not hungry.

You visited 1 branch of the dungeon, and saw 2 of its levels.

You collected 22 gold pieces.

Dungeon Overview and Level Annotations

Branches:
Dungeon (2/8)

Altars:

###..#.........###..
#....#######...# ##.
######....## #..## ##.
###..#.#.....## #..# #..
#≈>≈..........####..# #..
###≈.......#........# ##..
##.......#.###...## #...
###.....r≈.### ##...# ##..
##.#......@r## ##...####.#
##........r≈≈.####...###.##.
#...........................
##...#..................#.##
##..####...##..........#####
#....# ##..####........# ##
##..## ######.........## #.
#### #.....♣♣♣♣♣....###.
#....#♣♣♣♣♣....#.#.


You could see 3 sewer rats.

Notes
Turn   | Place    | Note
-------+----------+-------------------------------------------
     0 | D:1      | theanonym the Oozomorph Fighter began the quest for the
                  | Orb.
     0 | D:1      | Reached XP level 1. HP: 16/16 MP: 1/1
    22 | D:1      | Reached XP level 2. HP: 11/21 MP: 2/2
   294 | D:1      | Reached skill level 3 in Armour
   315 | D:1      | Reached XP level 3. HP: 26/26 MP: 3/3
   538 | D:1      | Reached skill level 3 in Maces & Staves
   679 | D:1      | HP: 11/27 [sewer rat (5)]
   683 | D:1      | HP: 5/27 [sewer rat (1)]
   685 | D:1      | Slain by a sewer rat

Vanquished Creatures
  3 cinder newts (D:1)
  A dart slug (D:1)
  A leopard gecko (D:1)
  A ball python (D:1)
  3 hobgoblins (D:1)
  A kobold (D:1)
  3 bats (D:1)
  2 goblins (D:1)
  3 rats (D:1)
18 creatures vanquished.

Table legend:
 A = Turns spent in this place as a percentage of turns spent in the entire game.
 B = Non-inter-level travel turns spent in this place as a percentage of non-inter-level travel turns spent in the entire game.
 C = Inter-level travel turns spent in this place as a percentage of turns spent in this place.
 D = Turns resting spent in this place as a percentage of non-inter-level travel turns spent in this place.
 E = Turns spent auto-exploring this place as a percentage of non-inter-level travel turns spent in this place.
 F = Non-inter-level travel turns spent in this place divided by the number of levels of this place that you've seen.
                   A       B       C       D       E      F
               +-------+-------+-------+-------+-------+----------------------
         Total | 100.0 | 100.0 |   5.5 |   8.2 |  64.1 | 323.5
       Dungeon | 100.0 | 100.0 |   5.5 |   8.2 |  64.1 | 323.5
               +-------+-------+-------+-------+-------+----------------------
